 Dungeon Crawl Stone Soup version 0.29.1-1-gd02db6906a (webtiles) character file.

Game seed: 12204403655842379595

453 Linkola the Conjurer (level 6, -6/32 HPs)
             Began as a Deep Elf Conjurer on Sept 23, 2022.
             Mangled by Duvessa
             ... wielding a +2 rapier of speed
              (21 damage)
             ... on level 4 of the Dungeon.
             The game lasted 00:19:25 (3713 turns).

Linkola the Conjurer (Deep Elf Conjurer)            Turns: 3713, Time: 00:19:25

Health: -6/32      AC:  3    Str:  4    XL:     6   Next: 75%
Magic:  11/16      EV: 12    Int: 25    God:
Gold:   149        SH:  0    Dex: 13    Spells: 12/16 levels left

rFire   . . .      SeeInvis +   p - +2 flail (protect)
rCold   . . .      Faith    .   (no shield)
rNeg    . . .      Spirit   .   a - +0 robe
rPois   .          Reflect  .   (no helmet)
rElec   .          Harm     .   (no cloak)
rCorr   .          Rampage  .   q - +0 pair of gloves
Will    .....                   (no boots)
Stlth   ++........              (no amulet)
HPRegen 0.10/turn               f - +4 ring of slaying
MPRegen 0.15/turn               e - ring of see invisible

@: no status effects
A: no striking features
a: no special abilities


You were on level 4 of the Dungeon.
You visited 1 branch of the dungeon, and saw 4 of its levels.

You collected 149 gold pieces.

Inventory:

Hand Weapons
 p - a +2 flail of protection (weapon)
Armour
 a - a +0 robe (worn)
 q - a +0 pair of gloves (worn)
Jewellery
 e - a ring of see invisible (right hand)
 f - a +4 ring of slaying (left hand)
Wands
 r - a wand of light (5)
Scrolls
 c - 2 scrolls of fear
 k - a scroll of summoning
 o - a scroll of poison
Potions
 b - 4 potions of magic
 d - 3 potions of heal wounds {unknown}
 g - 2 potions of might {unknown}
 h - 4 potions of brilliance
 i - 2 potions of invisibility {unknown}
 j - a potion of curing
 l - a potion of flight {unknown}
 m - a potion of haste {unknown}
 n - a potion of cancellation {unknown}


   Skills:
 + Level 3.0 Dodging
 + Level 4.0 Stealth
 + Level 5.6 Spellcasting
 + Level 6.6 Conjurations
 * Level 2.7 Fire Magic


You had 12 spell levels left.
You knew the following spells:

 Your Spells              Type           Power      Damage    Failure   Level
a - Magic Dart            Conj           100%       1d8       1%          1
b - Searing Ray           Conj           80%        2d7       1%          2
c - Foxfire               Conj/Fire      100%       2x1d9     1%          1

Your spell library contained the following spells:

 Spells                   Type           Power      Damage    Failure   Level
 Conjure Flame            Conj/Fire      30%        6-21      3%          3
 Dazzling Flash           Conj/Hex       46%        N/A       6%          3
 Beastly Appendage        Tmut           14%        N/A       8%          1
 Flame Wave               Conj/Fire      30%        2d9       11%         4
 Wereblood                Tmut           7%         N/A       12%         2
 Inner Flame              Hex/Fire       13%        N/A       13%         3
 Fulminant Prism          Conj/Hex       11%        3d9       21%         4
 Iskenderun's Mystic Bla  Conj/Tloc      23%        2d6       21%         4
 Frozen Ramparts          Ice            14%        1d3       24%         3
 Gell's Gravitas          Tloc           7%         N/A       24%         3
 Spider Form              Tmut/Pois      7%         N/A       24%         3
 Teleport Other           Tloc           7%         N/A       24%         3
 Ice Form                 Ice/Tmut       7%         N/A       61%         4
 Summon Ice Beast         Ice/Summ       7%         N/A       61%         4
 Dispersal                Tloc           3%         N/A       100%        6


Dungeon Overview and Level Annotations

Branches:
Dungeon (4/15)
 Temple: D:4-7

Altars:

Annotations:
D:4 1 transporter, Duvessa


Message History

Dowan is moderately wounded.
The foxfire hits Dowan but does no damage.
Dowan is moderately wounded.
Casting: Foxfire (safe; 1% risk of failure)
Confirm with . or Enter, or press ? or * to list all spells.
You conjure some foxfire!
Casting: Foxfire (safe; 1% risk of failure)
Confirm with . or Enter, or press ? or * to list all spells.
You conjure some foxfire!
The foxfire hits Dowan.
Dowan is heavily wounded.
Your foxfire dissipates!
The foxfire hits Dowan!
Dowan is severely wounded.
Casting: Foxfire (safe; 1% risk of failure)
Confirm with . or Enter, or press ? or * to list all spells.
You conjure some foxfire!
The foxfire hits Dowan.
Dowan is almost dead.
The foxfire hits Dowan.
Dowan is almost dead.
The foxfire hits Dowan.
You kill Dowan!
Duvessa screams in rage.
Duvessa goes berserk!
Your Stealth skill increases to level 4!
Casting: Foxfire (safe; 1% risk of failure)
Confirm with . or Enter, or press ? or * to list all spells.
You conjure some foxfire!
The foxfire hits Duvessa.
Duvessa is lightly wounded.
Duvessa closely misses you.
Duvessa hits you with a +2 rapier of speed!
The foxfire hits Duvessa.
Duvessa is lightly wounded.
The foxfire hits Duvessa but does no damage.
Duvessa is lightly wounded.
Duvessa hits you with a +2 rapier of speed!
Duvessa closely misses you.
Duvessa hits you with a +2 rapier of speed!!
Ouch! That really hurt!
You die...

#.#8.≈≈.# .
....###≈≈.##
#.###...#≈≈..#
.###.#.#g#≈≈..#
.....#####≈≈..#
.≈≈≈≈≈≈≈≈≈≈≈..#
.≈≈≈≈≈≈≈≈≈≈≈..#
......§§......#
##.e@.....#
#J######## ...
..... #...?..
#...... #......
..#####


You could see Duvessa (berserk) and an endoplasm.

Vanquished Creatures
  Sigmund (D:4)
  Dowan (D:4)
  An orc priest (D:3)
  A hound (D:3)
  4 adders
  5 gnolls
  A worm (D:2)
  3 dart slugs
  3 orcs
  6 ball pythons
  9 endoplasms
  2 giant cockroaches
  3 goblins
  4 hobgoblins
  4 jackals (D:2)
  11 kobolds
  A quokka (D:3)
  9 bats
  2 frilled lizards
  6 rats
77 creatures vanquished.

Vanquished Creatures (collateral kills)
  A foxfire (D:2)
1 creature vanquished.

Vanquished Creatures (others)
  80 foxfires
  6 plants
86 creatures vanquished.

Grand Total: 164 creatures vanquished

Notes
Turn   | Place    | Note
-------+----------+-------------------------------------------
     0 | D:1      | Linkola the Deep Elf Conjurer began the quest for the Orb.
     0 | D:1      | Reached XP level 1. HP: 10/10 MP: 6/6
   266 | D:1      | Reached XP level 2. HP: 15/15 MP: 6/8
   275 | D:1      | Learned a level 2 spell: Searing Ray
   435 | D:1      | Reached skill level 5 in Conjurations
   657 | D:1      | Reached XP level 3. HP: 19/19 MP: 3/9
  1433 | D:2      | Reached XP level 4. HP: 24/24 MP: 6/11
  1435 | D:2      | Learned a level 1 spell: Foxfire
  2326 | D:3      | Reached skill level 1 in Fire Magic
  2403 | D:3      | Reached skill level 6 in Conjurations
  2403 | D:3      | Reached XP level 5. HP: 18/28 MP: 1/13
  3485 | D:4      | Noticed Sigmund
  3497 | D:4      | Killed Sigmund
  3498 | D:4      | Reached skill level 5 in Spellcasting
  3498 | D:4      | Reached XP level 6. HP: 18/32 MP: 9/16
  3653 | D:4      | Found a transporter.
  3704 | D:4      | Noticed Duvessa
  3704 | D:4      | Noticed Dowan
  3710 | D:4      | Killed Dowan
  3713 | D:4      | Mangled by Duvessa

Illustrated notes

Levels and vault maps discovered:
D:1:      giann_horns, layout_rooms
D:2:      minmay_alternating_diamond, layout_basic, serial_bayou_pond_a,
          supply_closet_lemuel
D:3:      layout_basic
D:4:      layout_basic, tgw_fedhas, temple_green, portal_sewer_entry_f,
          gammafunk_ghost_gnarly_gnolls, uniq_ijyb, uniq_robin, uniq_edmund,
          uniq_sigmund, uniq_duvessa, uniq_pikel

Skill      XL: |  1  2  3  4  5  6 |
---------------+-------------------+-----
Conjurations   | 5 6 |  6.6
Spellcasting   | 4 5 |  5.6
Fire Magic     | 1 2 |  2.7
Stealth        | 3 4 |  4.0
Dodging        | 3 |  3.0

Action                   |  1- 3 |  4- 6 || total
-------------------------+-------+-------++-------
 Fire: Sling             |       |     2 ||     2
Throw: Stone             |       |     1 ||     1
 Cast: Magic Dart        |    69 |    21 ||    90
       Foxfire           |       |    52 ||    52
       Searing Ray       |       |     3 ||     3
  Use: Scroll            |     7 |     3 ||    10
Armor: Robe              |     1 |     1 ||     2
Dodge: Dodged            |     1 |    17 ||    18
